[ AOE2 MATCH · #477129166 ]
Team RMGoths vs Romans
[ REPLAY ANALYSIS · EXTRACTED FROM THE RECORDED GAME ]
Feudal
14:30
Castle
18:36
Imperial
34:23
| APM avg | 28.1 |
| APM peak | 80 |
| eAPM avg | 17.7 |
| Villagers / military | 80 / 335 |
Focus
⚔️ 21.0% · 🌾 79.0%
Huskarl ×281 · Spearman ×54
Feudal
12:33
Castle
18:41
Imperial
36:11
| APM avg | 17.0 |
| APM peak | 41 |
| eAPM avg | 10.5 |
| Villagers / military | 150 / 206 |
Focus
⚔️ 25.5% · 🌾 74.5%
Skirmisher ×87 · Militia ×50 · Spearman ×23 · Centurion ×16 · Scorpion ×15 · Trebuchet (Packed) ×9
Feudal
11:12
Castle
14:57
Imperial
34:53
| APM avg | 34.2 |
| APM peak | 112 |
| eAPM avg | 18.4 |
| Villagers / military | 109 / 231 |
Focus
⚔️ 41.7% · 🌾 58.3%
Knight ×82 · Skirmisher ×73 · Cavalry Archer ×37 · Archer ×30 · Monk ×4 · Trebuchet (Packed) ×3
Feudal
10:03
Castle
20:04
Imperial
36:29
| APM avg | 11.3 |
| APM peak | 31 |
| eAPM avg | 9.0 |
| Villagers / military | 117 / 262 |
Focus
⚔️ 33.3% · 🌾 66.7%
Conquistador ×144 · Spearman ×110 · Trebuchet (Packed) ×5 · Knight ×3
Match map
Initial resources + every placement click. Lines = walls · curves = elevation contours. ◆ gold · ⬟ stone · ● berries · ✦ relic · ◌ wall gap
Your base· ✓ Closed at 18:36 · 0t walls · 2 gate(s)
CrazyHorse's base· ✓ Closed at 18:41 · 0t walls · 2 gate(s)
Plaufo's base· ✓ Closed at 14:57 · 0t walls · 2 gate(s)
hass's base· ✓ Closed at 20:04 · 0t walls · 2 gate(s)
Smoothed initial terrain · ◌ = detected wall gap · hover for details
Inputs per minute
— Style - - CrazyHorse
Build order — Style
First 150 of 297 actions detected
| 0:02 | Build | House |
| 0:04 | Build | House |
| 0:05 | Create | Villager (Male) |
| 0:05 | Create | Villager (Male) |
| 0:05 | Create | Villager (Male) |
| 0:06 | Create | Villager (Male) |
| 1:47 | Create | Villager (Male) |
| 2:27 | Create | Villager (Male) |
| 2:59 | Build | Mill |
| 3:22 | Create | Villager (Male) |
| 3:22 | Create | Villager (Male) |
| 3:56 | Create | Villager (Male) |
| 5:09 | Create | Villager (Male) |
| 5:09 | Create | Villager (Male) |
| 5:10 | Create | Villager (Male) |
| 5:32 | Create | Villager (Male) |
| 5:33 | Create | Villager (Male) |
| 6:03 | Build | House |
| 6:05 | Build | House |
| 6:56 | Build | House |
| 7:21 | Build | Lumber Camp |
| 7:39 | Build | Mining Camp |
| 8:25 | Build | Mining Camp |
| 8:31 | Create | Villager (Male) |
| 8:31 | Create | Villager (Male) |
| 8:31 | Create | Villager (Male) |
| 8:32 | Create | Villager (Male) |
| 8:32 | Create | Villager (Male) |
| 10:18 | Create | Villager (Male) |
| 10:18 | Create | Villager (Male) |
| 10:19 | Create | Villager (Male) |
| 11:46 | Create | Villager (Male) |
| 11:46 | Create | Villager (Male) |
| 11:50 | Research | Feudal Age |
| 13:44 | Build | Farm |
| 13:44 | Build | Farm |
| 14:30 | Age | Feudal Age |
| 14:32 | Build | Blacksmith |
| 14:34 | Build | Market |
| 14:45 | Build | Farm |
| 14:45 | Build | Farm |
| 15:12 | Build | Farm |
| 15:12 | Build | Farm |
| 15:44 | Build | Farm |
| 15:56 | Research | Castle Age |
| 16:09 | Research | Double-Bit Axe |
| 16:54 | Build | Farm |
| 16:56 | Research | Horse Collar |
| 17:31 | Research | Stone Mining |
| 17:44 | Build | House |
| 17:47 | Build | House |
| 17:53 | Build | House |
| 17:54 | Build | House |
| 18:36 | Age | Castle Age |
| 18:36 | Research | Wheelbarrow |
| 19:22 | Build | Town Center |
| 20:02 | Create | Villager (Male) |
| 20:02 | Create | Villager (Male) |
| 20:03 | Create | Villager (Male) |
| 20:03 | Create | Villager (Male) |
| 20:59 | Create | Villager (Male) |
| 21:00 | Research | Loom |
| 21:02 | Build | Farm |
| 21:27 | Build | Farm |
| 21:30 | Create | Villager (Male) |
| 21:30 | Create | Villager (Male) |
| 21:30 | Create | Villager (Male) |
| 21:31 | Create | Villager (Male) |
| 21:31 | Create | Villager (Male) |
| 21:53 | Build | Farm |
| 22:01 | Build | Farm |
| 22:04 | Research | Bow Saw |
| 22:21 | Build | Farm |
| 22:25 | Build | Farm |
| 22:33 | Research | Heavy Plow |
| 22:42 | Create | Villager (Male) |
| 23:33 | Build | Barracks |
| 23:45 | Build | Farm |
| 23:54 | Research | Hand Cart |
| 23:55 | Create | Villager (Male) |
| 24:02 | Create | Villager (Male) |
| 24:29 | Research | Town Watch |
| 24:33 | Create | Villager (Male) |
| 24:33 | Create | Villager (Male) |
| 24:42 | Build | Farm |
| 24:46 | Build | Farm |
| 24:54 | Create | Villager (Male) |
| 25:50 | Create | Villager (Male) |
| 25:51 | Create | Villager (Male) |
| 25:51 | Create | Villager (Male) |
| 26:13 | Build | Castle |
| 26:18 | Create | Villager (Male) |
| 26:18 | Create | Villager (Male) |
| 26:19 | Create | Villager (Male) |
| 26:25 | Build | Farm |
| 26:51 | Build | Farm |
| 26:56 | Create | Villager (Male) |
| 26:56 | Create | Villager (Male) |
| 26:57 | Create | Villager (Male) |
| 27:01 | Create | Villager (Male) |
| 27:01 | Create | Villager (Male) |
| 27:01 | Create | Villager (Male) |
| 27:06 | Research | Squires |
| 27:13 | Research | Forging |
| 27:17 | Build | Farm |
| 27:39 | Build | Farm |
| 27:57 | Build | Barracks |
| 27:58 | Build | Barracks |
| 28:11 | Build | Farm |
| 28:14 | Research | Town Patrol |
| 28:29 | Build | Farm |
| 28:33 | Build | Farm |
| 28:45 | Build | Farm |
| 28:45 | Build | Farm |
| 28:46 | Build | Farm |
| 28:46 | Build | Farm |
| 28:47 | Build | Farm |
| 29:23 | Create | Villager (Male) |
| 29:23 | Create | Villager (Male) |
| 29:25 | Create | Villager (Male) |
| 29:26 | Create | Villager (Male) |
| 29:30 | Research | Anarchy |
| 29:36 | Build | Farm |
| 29:53 | Create | Huskarl |
| 29:53 | Create | Huskarl |
| 29:53 | Create | Huskarl |
| 29:54 | Create | Huskarl |
| 29:54 | Create | Huskarl |
| 30:01 | Build | Farm |
| 30:17 | Build | Farm |
| 30:24 | Build | Farm |
| 30:31 | Build | Farm |
| 31:13 | Research | Imperial Age |
| 31:26 | Create | Villager (Male) |
| 31:27 | Create | Villager (Male) |
| 31:31 | Create | Villager (Male) |
| 31:35 | Create | Villager (Male) |
| 31:35 | Create | Villager (Male) |
| 31:38 | Research | Gold Mining |
| 31:53 | Research | Scale Mail Armor |
| 32:12 | Research | Iron Casting |
| 32:20 | Create | Villager (Male) |
| 32:44 | Create | Huskarl ×5 |
| 32:55 | Build | House |
| 32:56 | Build | House |
| 32:59 | Build | House |
| 32:59 | Build | House |
| 33:00 | Build | House |
| 33:00 | Build | House |
| 33:01 | Build | House |
Build order — CrazyHorse
First 150 of 316 actions detected
| 0:01 | Create | Villager (Male) |
| 0:01 | Create | Villager (Male) |
| 0:02 | Create | Villager (Male) |
| 0:02 | Create | Villager (Male) |
| 0:02 | Create | Villager (Male) |
| 0:07 | Build | House |
| 0:45 | Build | House |
| 0:46 | Build | House |
| 0:47 | Build | House |
| 1:33 | Create | Villager (Male) |
| 2:02 | Create | Villager (Male) |
| 2:29 | Research | Loom |
| 2:39 | Create | Villager (Male) |
| 2:57 | Create | Villager (Male) |
| 3:02 | Create | Villager (Male) |
| 3:33 | Create | Villager (Male) |
| 4:03 | Create | Villager (Male) |
| 4:04 | Create | Villager (Male) |
| 4:35 | Create | Villager (Male) |
| 5:16 | Create | Villager (Male) |
| 5:31 | Create | Villager (Male) |
| 5:35 | Create | Villager (Male) |
| 6:00 | Create | Villager (Male) |
| 6:35 | Build | House |
| 6:36 | Build | House |
| 6:37 | Build | House |
| 6:37 | Build | House |
| 6:54 | Build | Lumber Camp |
| 7:26 | Build | Mill |
| 8:09 | Build | Lumber Camp |
| 8:11 | Create | Villager (Male) |
| 8:12 | Create | Villager (Male) |
| 9:00 | Build | Mining Camp |
| 9:11 | Create | Villager (Male) |
| 10:23 | Research | Feudal Age |
| 11:12 | Build | Mill |
| 12:07 | Build | Mining Camp |
| 12:12 | Create | Villager (Male) |
| 12:13 | Create | Villager (Male) |
| 12:33 | Age | Feudal Age |
| 12:36 | Create | Villager (Male) |
| 12:36 | Create | Villager (Male) |
| 13:07 | Build | Market |
| 13:26 | Create | Villager (Male) |
| 13:26 | Create | Villager (Male) |
| 13:55 | Build | Farm |
| 14:21 | Build | Farm |
| 14:31 | Build | Blacksmith |
| 14:45 | Build | Mill |
| 15:18 | Create | Villager (Male) |
| 15:27 | Build | Farm |
| 16:01 | Research | Castle Age |
| 16:16 | Build | Barracks |
| 16:30 | Research | Horse Collar |
| 16:53 | Create | Villager (Male) |
| 17:10 | Create | Spearman |
| 17:11 | Create | Spearman |
| 17:11 | Create | Spearman |
| 17:19 | Build | Archery Range |
| 17:22 | Create | Villager (Male) |
| 17:30 | Research | Double-Bit Axe |
| 18:13 | Build | House |
| 18:14 | Build | House |
| 18:15 | Build | House |
| 18:16 | Build | House |
| 18:25 | Build | Mining Camp |
| 18:30 | Create | Villager (Male) |
| 18:30 | Create | Villager (Male) |
| 18:39 | Build | Farm |
| 18:40 | Build | Farm |
| 18:41 | Age | Castle Age |
| 18:43 | Build | Farm |
| 18:44 | Build | Farm |
| 18:46 | Build | Farm |
| 18:47 | Build | Farm |
| 19:01 | Create | Skirmisher |
| 19:02 | Create | Skirmisher |
| 19:02 | Create | Skirmisher |
| 19:17 | Create | Villager (Male) |
| 19:18 | Create | Villager (Male) |
| 19:53 | Build | Town Center |
| 20:03 | Create | Villager (Male) |
| 20:04 | Create | Villager (Male) |
| 20:43 | Build | Town Center |
| 20:52 | Create | Skirmisher |
| 20:52 | Create | Skirmisher |
| 20:53 | Create | Skirmisher |
| 20:57 | Create | Villager (Male) |
| 20:59 | Create | Villager (Male) |
| 21:06 | Research | Bow Saw |
| 21:09 | Create | Villager (Male) |
| 21:10 | Create | Villager (Male) |
| 21:31 | Create | Skirmisher |
| 21:36 | Research | Fletching |
| 21:53 | Create | Villager (Male) |
| 21:54 | Create | Villager (Male) |
| 21:56 | Create | Villager (Male) |
| 21:58 | Create | Villager (Male) |
| 22:18 | Research | Elite Skirmisher (upgrade) |
| 22:45 | Create | Villager (Male) |
| 22:46 | Create | Villager (Male) |
| 22:51 | Create | Villager (Male) |
| 23:03 | Build | Farm |
| 23:04 | Build | Farm |
| 23:10 | Build | Farm |
| 23:12 | Build | Farm |
| 23:13 | Build | Farm |
| 23:15 | Build | Farm |
| 23:16 | Build | Farm |
| 23:27 | Create | Villager (Male) |
| 23:28 | Create | Villager (Male) |
| 23:45 | Create | Skirmisher |
| 23:46 | Create | Skirmisher |
| 23:56 | Create | Villager (Male) |
| 24:05 | Build | Farm |
| 24:06 | Build | Farm |
| 24:07 | Build | Farm |
| 24:08 | Build | Farm |
| 24:09 | Build | Farm |
| 24:12 | Create | Villager (Male) |
| 24:13 | Create | Villager (Male) |
| 24:23 | Create | Villager (Male) |
| 24:32 | Create | Villager (Male) |
| 24:32 | Create | Villager (Male) |
| 25:05 | Build | Castle |
| 25:10 | Create | Villager (Male) |
| 25:11 | Create | Villager (Male) |
| 25:12 | Create | Villager (Male) |
| 25:13 | Create | Villager (Male) |
| 25:17 | Create | Villager (Male) |
| 25:24 | Create | Villager (Male) |
| 25:44 | Build | Town Center |
| 25:48 | Research | Stone Mining |
| 25:51 | Create | Villager (Male) |
| 25:52 | Create | Villager (Male) |
| 25:57 | Create | Villager (Male) |
| 26:13 | Create | Skirmisher ×3 |
| 26:35 | Build | House |
| 26:35 | Build | House |
| 26:37 | Build | House |
| 26:38 | Build | House |
| 26:42 | Research | Wheelbarrow |
| 26:46 | Create | Villager (Male) |
| 26:51 | Research | Town Watch |
| 26:57 | Create | Villager (Male) |
| 26:57 | Create | Villager (Male) |
| 27:16 | Build | Mining Camp |
| 27:24 | Create | Centurion |
| 27:25 | Create | Centurion |
| 27:28 | Create | Villager (Male) |
Build order — Plaufo
First 150 of 506 actions detected
| 0:01 | Create | Villager (Male) |
| 0:01 | Create | Villager (Male) |
| 0:02 | Create | Villager (Male) |
| 0:02 | Create | Villager (Male) |
| 0:02 | Create | Villager (Male) |
| 0:04 | Build | House |
| 0:06 | Build | House |
| 1:30 | Create | Villager (Male) |
| 1:53 | Build | Lumber Camp |
| 1:54 | Create | Villager (Male) |
| 2:36 | Create | Villager (Male) |
| 2:57 | Create | Villager (Male) |
| 3:02 | Build | House |
| 3:29 | Create | Villager (Male) |
| 4:01 | Create | Villager (Male) |
| 4:08 | Build | Mill |
| 4:28 | Create | Villager (Male) |
| 5:09 | Create | Villager (Male) |
| 5:10 | Create | Villager (Male) |
| 5:24 | Create | Villager (Male) |
| 5:56 | Build | House |
| 6:00 | Create | Villager (Male) |
| 6:52 | Create | Villager (Male) |
| 6:52 | Create | Villager (Male) |
| 6:55 | Create | Villager (Male) |
| 7:16 | Create | Villager (Male) |
| 7:54 | Build | House |
| 7:55 | Build | House |
| 7:55 | Build | House |
| 7:57 | Build | House |
| 8:11 | Build | Mining Camp |
| 8:27 | Build | Farm |
| 8:45 | Research | Loom |
| 8:45 | Research | Feudal Age |
| 10:02 | Build | Barracks |
| 11:12 | Age | Feudal Age |
| 11:19 | Build | Archery Range |
| 11:25 | Build | Blacksmith |
| 11:25 | Create | Villager (Male) |
| 11:26 | Create | Villager (Male) |
| 12:17 | Build | Farm |
| 12:31 | Research | Castle Age |
| 12:42 | Build | Farm |
| 12:44 | Build | Farm |
| 12:54 | Build | Lumber Camp |
| 14:12 | Research | Double-Bit Axe |
| 14:15 | Research | Gold Mining |
| 14:28 | Research | Horse Collar |
| 14:57 | Age | Castle Age |
| 15:02 | Build | Monastery |
| 15:04 | Create | Cavalry Archer |
| 15:04 | Create | Cavalry Archer |
| 15:08 | Create | Villager (Male) |
| 15:17 | Build | Farm |
| 15:29 | Build | Farm |
| 15:40 | Create | Villager (Male) |
| 15:55 | Create | Monk |
| 15:59 | Create | Villager (Male) |
| 16:05 | Create | Cavalry Archer |
| 16:23 | Create | Villager (Male) |
| 16:41 | Create | Villager (Male) |
| 16:49 | Build | Town Center |
| 16:51 | Create | Villager (Male) |
| 17:00 | Create | Monk |
| 17:11 | Research | Padded Archer Armor |
| 17:16 | Create | Cavalry Archer |
| 17:22 | Create | Villager (Male) |
| 18:06 | Create | Villager (Male) |
| 18:13 | Build | House |
| 18:14 | Build | House |
| 18:15 | Build | House |
| 18:17 | Build | House |
| 18:22 | Build | House |
| 18:23 | Build | House |
| 18:24 | Build | House |
| 18:25 | Build | House |
| 18:26 | Build | House |
| 18:30 | Create | Villager (Male) |
| 18:32 | Create | Cavalry Archer |
| 18:34 | Create | Monk |
| 18:44 | Build | Mining Camp |
| 18:47 | Build | Farm |
| 19:10 | Create | Villager (Male) |
| 19:13 | Create | Villager (Male) |
| 19:15 | Build | Farm |
| 19:15 | Build | Farm |
| 19:21 | Build | Farm |
| 19:21 | Build | Farm |
| 19:25 | Create | Villager (Male) |
| 19:28 | Create | Villager (Male) |
| 19:32 | Create | Villager (Male) |
| 19:49 | Create | Villager (Male) |
| 20:43 | Create | Cavalry Archer |
| 20:43 | Create | Cavalry Archer |
| 20:44 | Create | Villager (Male) |
| 20:45 | Create | Villager (Male) |
| 20:46 | Create | Villager (Male) |
| 20:53 | Build | Archery Range |
| 20:56 | Create | Villager (Male) |
| 21:06 | Create | Villager (Male) |
| 21:19 | Build | Market |
| 21:26 | Build | House |
| 21:27 | Build | House |
| 21:27 | Build | House |
| 21:28 | Build | House |
| 21:28 | Build | House |
| 21:28 | Build | House |
| 21:29 | Build | House |
| 21:33 | Create | Villager (Male) |
| 21:36 | Build | House |
| 21:38 | Create | Villager (Male) |
| 21:42 | Create | Villager (Male) |
| 21:58 | Build | Siege Workshop |
| 22:26 | Create | Villager (Male) |
| 22:32 | Create | Villager (Male) |
| 22:40 | Create | Monk |
| 22:56 | Create | Villager (Male) |
| 22:56 | Create | Villager (Male) |
| 23:15 | Create | Villager (Male) |
| 23:20 | Build | University |
| 23:44 | Create | Villager (Male) |
| 23:51 | Create | Villager (Male) |
| 23:55 | Create | Cavalry Archer |
| 23:55 | Create | Cavalry Archer |
| 23:55 | Create | Cavalry Archer |
| 23:57 | Create | Cavalry Archer |
| 23:57 | Create | Cavalry Archer |
| 23:58 | Create | Cavalry Archer |
| 23:58 | Create | Cavalry Archer |
| 24:07 | Create | Villager (Male) |
| 24:12 | Build | Mining Camp |
| 24:13 | Create | Villager (Male) |
| 24:21 | Build | Farm |
| 24:21 | Build | Farm |
| 24:21 | Build | Farm |
| 24:21 | Build | Farm |
| 24:21 | Build | Farm |
| 24:22 | Build | Farm |
| 24:33 | Create | Cavalry Archer |
| 24:33 | Create | Cavalry Archer |
| 24:33 | Create | Cavalry Archer |
| 24:33 | Create | Cavalry Archer |
| 24:34 | Create | Cavalry Archer |
| 24:44 | Create | Villager (Male) |
| 25:11 | Build | Town Center |
| 25:16 | Create | Battering Ram |
| 25:24 | Build | Mining Camp |
| 25:31 | Create | Cavalry Archer |
| 25:31 | Create | Cavalry Archer |
| 25:40 | Research | Wheelbarrow |
Build order — hass
First 150 of 264 actions detected
| 0:12 | Create | Villager (Male) |
| 0:12 | Create | Villager (Male) |
| 0:12 | Create | Villager (Male) |
| 0:13 | Create | Villager (Male) |
| 0:13 | Create | Villager (Male) |
| 0:13 | Create | Villager (Male) |
| 0:14 | Create | Villager (Male) |
| 0:14 | Create | Villager (Male) |
| 0:17 | Build | House |
| 0:20 | Build | House |
| 1:54 | Create | Villager (Male) |
| 1:54 | Create | Villager (Male) |
| 1:54 | Create | Villager (Male) |
| 2:15 | Create | Villager (Male) |
| 2:16 | Create | Villager (Male) |
| 2:36 | Create | Villager (Male) |
| 2:36 | Create | Villager (Male) |
| 2:36 | Create | Villager (Male) |
| 3:21 | Build | Lumber Camp |
| 3:32 | Create | Villager (Male) |
| 3:33 | Create | Villager (Male) |
| 3:53 | Create | Villager (Male) |
| 4:09 | Build | House |
| 4:12 | Build | House |
| 4:33 | Create | Villager (Male) ×4 |
| 5:05 | Create | Villager (Male) |
| 6:08 | Create | Villager (Male) ×4 |
| 6:21 | Build | Mill |
| 7:40 | Research | Feudal Age |
| 7:56 | Build | Mining Camp |
| 9:07 | Build | House |
| 9:10 | Build | House |
| 10:03 | Age | Feudal Age |
| 10:08 | Build | Farm |
| 10:10 | Build | Farm |
| 10:12 | Build | Farm |
| 10:13 | Build | Farm |
| 10:26 | Create | Villager (Male) ×5 |
| 10:59 | Research | Double-Bit Axe |
| 11:14 | Build | Blacksmith |
| 11:33 | Build | Market |
| 12:32 | Create | Villager (Male) ×5 |
| 12:46 | Build | House |
| 12:53 | Build | Farm |
| 13:07 | Build | Farm |
| 13:09 | Build | Farm |
| 13:59 | Build | Farm |
| 14:20 | Research | Loom |
| 14:41 | Build | Farm |
| 15:12 | Create | Villager (Male) ×5 |
| 15:28 | Build | Farm |
| 15:39 | Build | Farm |
| 15:43 | Build | Farm |
| 17:19 | Build | Mining Camp |
| 17:24 | Research | Castle Age |
| 18:24 | Research | Stone Mining |
| 18:27 | Research | Horse Collar |
| 18:31 | Research | Gold Mining |
| 19:40 | Create | Villager (Male) ×5 |
| 20:04 | Age | Castle Age |
| 20:20 | Build | Town Center |
| 20:40 | Build | Town Center |
| 21:27 | Research | Wheelbarrow |
| 21:28 | Research | Town Watch |
| 21:31 | Create | Villager (Male) ×5 |
| 22:39 | Create | Villager (Male) ×5 |
| 22:51 | Build | Castle |
| 23:45 | Build | Castle |
| 23:54 | Research | Heavy Plow |
| 23:58 | Create | Villager (Male) ×5 |
| 24:32 | Research | Hand Cart |
| 24:36 | Research | Bow Saw |
| 24:47 | Research | Padded Archer Armor |
| 24:53 | Build | House |
| 24:54 | Build | House |
| 24:54 | Build | House |
| 24:54 | Build | House |
| 24:57 | Build | House |
| 24:59 | Build | House |
| 25:22 | Build | Barracks |
| 25:36 | Create | Villager (Male) ×5 |
| 26:03 | Build | Farm |
| 26:03 | Build | Farm |
| 26:03 | Build | Farm |
| 26:03 | Build | Farm |
| 26:04 | Build | Farm |
| 26:04 | Build | Farm |
| 26:05 | Build | Farm |
| 26:05 | Build | Farm |
| 26:19 | Build | Mill |
| 26:22 | Build | Farm |
| 26:25 | Build | Farm |
| 26:27 | Build | Farm |
| 26:39 | Create | Villager (Male) ×5 |
| 26:51 | Create | Conquistador ×4 |
| 27:05 | Build | Farm |
| 27:07 | Build | Farm |
| 27:19 | Build | Farm |
| 27:22 | Build | Farm |
| 27:39 | Research | Leather Archer Armor |
| 28:25 | Create | Conquistador ×5 |
| 28:35 | Create | Villager (Male) ×5 |
| 28:40 | Research | Stone Shaft Mining |
| 29:05 | Research | Fletching |
| 30:03 | Create | Conquistador ×5 |
| 30:19 | Create | Villager (Male) ×5 |
| 30:20 | Create | Villager (Male) ×5 |
| 30:25 | Create | Villager (Male) ×4 |
| 31:28 | Build | Stone Wall |
| 32:08 | Create | Conquistador ×5 |
| 33:19 | Research | Imperial Age |
| 33:25 | Build | Farm |
| 33:25 | Build | Farm |
| 33:25 | Build | Farm |
| 33:25 | Build | Farm |
| 33:26 | Build | Farm |
| 33:26 | Build | Farm |
| 33:26 | Build | Farm |
| 33:27 | Build | Farm |
| 33:59 | Build | Castle |
| 34:13 | Create | Villager (Male) ×5 |
| 35:12 | Build | House |
| 35:12 | Build | House |
| 35:13 | Build | House |
| 35:13 | Build | House |
| 35:13 | Build | House |
| 35:13 | Build | House |
| 35:14 | Build | House |
| 35:14 | Build | House |
| 35:15 | Build | House |
| 35:15 | Build | House |
| 35:16 | Build | House |
| 35:22 | Build | Mining Camp |
| 35:41 | Create | Conquistador ×5 |
| 35:46 | Create | Conquistador ×5 |
| 36:04 | Create | Villager (Male) ×5 |
| 36:10 | Create | Villager (Male) ×5 |
| 36:19 | Build | Lumber Camp |
| 36:29 | Age | Imperial Age |
| 36:39 | Create | Trebuchet (Packed) |
| 36:39 | Create | Trebuchet (Packed) |
| 36:39 | Create | Trebuchet (Packed) |
| 36:47 | Create | Trebuchet (Packed) |
| 36:47 | Create | Trebuchet (Packed) |
| 36:51 | Research | Conscription |
| 36:57 | Research | Tech 60 |
| 37:06 | Research | Ring Archer Armor |
| 37:17 | Build | Stable |
| 37:33 | Create | Villager (Male) ×5 |
| 37:44 | Create | Villager (Male) ×5 |
Match timeline
| 10:02 | Plaufo · first_building Barracks |
| 10:03 | hass · age_up feudal |
| 11:12 | Plaufo · age_up feudal |
| 11:19 | Plaufo · first_building Archery Range |
| 12:33 | CrazyHorse · age_up feudal |
| 14:30 | Style · age_up feudal |
| 14:57 | Plaufo · age_up castle |
| 15:02 | Plaufo · first_building Monastery |
| 15:48 | Style · first_market_buy 100 food |
| 16:16 | CrazyHorse · first_building Barracks |
| 17:19 | CrazyHorse · first_building Archery Range |
| 18:36 | Style · age_up castle |
| 18:41 | CrazyHorse · age_up castle |
| 20:04 | hass · age_up castle |
| 21:58 | Plaufo · first_building Siege Workshop |
| 22:51 | hass · first_building Castle |
| 23:33 | Style · first_building Barracks |
| 25:05 | CrazyHorse · first_building Castle |
| 25:22 | hass · first_building Barracks |
| 26:13 | Style · first_building Castle |
| 31:28 | hass · wall_segment Stone Wall x1 |
| 31:59 | Plaufo · first_market_sell 100 wood |
| 32:05 | Plaufo · first_market_buy 100 food |
| 32:38 | Plaufo · first_building Castle |
| 33:45 | Plaufo · first_building Stable |
| 34:22 | Style · first_market_sell 100 wood |
| 34:23 | Style · age_up imperial |
| 34:53 | Plaufo · age_up imperial |
| 35:53 | CrazyHorse · first_building Siege Workshop |
| 36:09 | Plaufo · tribute_sent a jugador 1 |
| 36:09 | Plaufo · tribute_sent a jugador 3 |
| 36:09 | Plaufo · tribute_sent a jugador 4 |
| 36:11 | CrazyHorse · age_up imperial |
| 36:29 | hass · age_up imperial |
| 37:17 | hass · first_building Stable |
| 50:27 | Style · tribute_sent a jugador 1 |
| 50:27 | Style · tribute_sent a jugador 2 |
| 50:27 | Style · tribute_sent a jugador 3 |
| 52:35 | Plaufo · resign |
[ AI ANALYSIS · 1 CREDIT ]
What really happened in this match?
Wolo.gg analyzes every decision: build order, eco, micro, common mistakes by bracket. Personalized analysis on WhatsApp or Discord in 30 seconds.
Civ guide
Goths
Map guide
Arena
Perfil
Jugador #19347893